AoeStats
← Ignacioarmez

Arena

509115190Analyzed
3v3 RM · 5d ago on Sep 25, 2026· 51m 2s· 6 players
Game mode
Random Map
Map size
Normal (6 player)
Population
200
Speed
Normal
Resources
Standard
Victory
Conquest
Starting age
Dark Age
Ending age
Imperial Age
RankedLock teamsTeams togetherTeam positionsShared explorationLock speedFull tech treeHidden civsTurbo modeCheats
Victory
Defeat
🇪🇸 Huns · Spain
754
+17
🇵🇱 Slavs · Poland
748
+17
🇹🇷 Turks · Türkiye
725
+18
🇿🇦 Vietnamese · South Africa
787
-17
🇪🇸 Turks · Spain
778
-18
🇨🇱 Khmer · Chile
756
-34
sburaks
10:34 Feudal Age
17:28 Wheelbarrow
23:43 Castle Age
25:56 Double-Bit Axe
27:10 Squires
27:57 Horse Collar
28:29 Husbandry
44:02 Bow Saw
45:54 Hand Cart
48:25 Bow Saw
50:00 Treadmill Crane
50:41 Ballistics
50:31 Masonry
50:44 Heavy Plow
Tybureqq
11:54 Feudal Age
12:44 Double-Bit Axe
13:57 Loom
20:04 Castle Age
18:08 Horse Collar
18:59 Man-at-Arms
19:49 Man-at-Arms
20:45 Gold Mining
22:22 Bow Saw
24:29 Elite Skirmisher
30:04 Wheelbarrow
31:18 Wheelbarrow
30:59 Pikeman
33:02 Wheelbarrow
33:13 Squires
36:16 Imperial Age
33:39 Long Swordsman
36:40 Two-Handed Swordsman
39:47 Conscription
40:33 Chemistry
39:46 Forging
39:36 Scale Mail Armor
39:37 Padded Archer Armor
39:30 Fletching
39:46 Heavy Plow
40:48 Two-Man Saw
40:58 Capped Ram
42:02 Capped Ram
43:34 Iron Casting
43:15 Chain Mail Armor
43:15 Leather Archer Armor
42:58 Bodkin Arrow
43:20 Leather Archer Armor
44:36 Siege Ram
45:03 Halberdier
pablo.robledoo
10:52 Feudal Age
19:01 Castle Age
17:26 Double-Bit Axe
21:01 Bow Saw
20:32 Horse Collar
24:23 Imperial Age
23:09 Heavy Plow
24:49 Wheelbarrow
26:39 Stone Mining
28:53 Hand Cart
28:24 Loom
28:54 Gold Mining
32:17 Gold Shaft Mining
32:10 Marauders
32:31 Conscription
32:34 Bloodlines
32:24 Husbandry
32:36 Forging
32:31 Scale Barding Armor
34:56 Iron Casting
34:41 Chain Barding Armor
36:36 Cavalier
37:09 Fletching
39:14 Elite Tarkan
43:17 Plate Barding Armor
43:42 Blast Furnace
44:05 Caravan
46:26 Ballistics
47:06 Chemistry
46:03 Murder Holes
47:10 Parthian Tactics
46:50 Thumb Ring
48:22 Heavy Cavalry Archer
49:21 Bodkin Arrow
50:56 Bracer
50:57 Padded Archer Armor
Ignacioarmez
12:26 Feudal Age
13:15 Double-Bit Axe
14:13 Wheelbarrow
20:44 Bloodlines
24:39 Castle Age
26:22 Light Cavalry
32:55 Stone Mining
38:24 Imperial Age
36:54 Fortified Wall
37:59 Gold Mining
38:50 Hussar
40:04 Hand Cart
budisimion
10:32 Feudal Age
16:27 Castle Age
18:06 Fletching
18:07 Town Watch
18:36 Horse Collar
30:58 Imperial Age
29:47 Bodkin Arrow
36:35 Bracer
36:37 Padded Archer Armor
HHH2323
12:02 Feudal Age
13:42 Loom
13:45 Double-Bit Axe
17:16 Padded Archer Armor
17:07 Fletching
23:15 Castle Age
21:12 Gold Mining
23:25 Crossbowman
27:20 Bow Saw
28:30 Leather Archer Armor
30:16 Bodkin Arrow
32:05 Horse Collar
32:57 Thumb Ring
36:56 Imperial Age
37:47 Husbandry
37:31 Arbalester
39:31 Ring Archer Armor
39:02 Bracer
41:27 Scale Barding Armor
41:55 Elite Battle Elephant
46:40 Chemistry
46:01 Ballistics
45:37 Murder Holes
Connection lost

Rejoining the realm…

Still unreachable

The connection could not be restored.

Session expired

The server has moved on; the page needs a fresh start.